IL
ROCHESTER RED WINGS @ DURHAM BULLS
08/24/2048
 
TOP OF THE 1ST
Rochester Red Wings batting - Pitching for Durham Bulls : RHP Julian Black
Pitching: RHP Julian Black
Batting: RHB Cyril Husson 0-0: Ball
1-0: Ball
2-0: Foul Ball, location: 2F
2-1: Foul Ball, location: 2F
2-2: Ball
3-2: Base on Balls
Batting: SHB Manny Molina 0-0: Ball
1-0: Fielders Choice at 2nd, 5-4 (Groundball, 56S, EV 78.1 MPH)
Batting: LHB Chris Munguia 0-0: Ball
1-0: Swinging Strike
1-1: Ball
2-1: Swinging Strike
2-2: Strikes out swinging
Batting: LHB Jayden Thomas 0-0: Ball
1-0: Called Strike
1-1: Fly out, F8 (Flyball, 8RM, EV 86.9 MPH)
Top of the 1st over - 0 runs, 0 hits, 0 errors, 1 left on base; Rochester 0 - Durham 0
BOTTOM OF THE 1ST
Durham Bulls batting - Pitching for Rochester Red Wings : RHP Brian Bright
Pitching: RHP Brian Bright
Batting: RHB Jonathan Fraire 0-0: Called Strike
0-1: Ball
1-1: Ball
2-1: Swinging Strike
2-2: Foul Ball, location: 2F
2-2: Fly out, F7 (Flyball, 78M, EV 92.5 MPH)
Batting: SHB Joey Pacheco 0-0: Foul Ball, location: 2F
0-1: DOUBLE (Flyball, 78XD, EV 98.8 MPH)
Batting: RHB David Ward 0-0: Ball
1-0: Foul Ball, location: 2F
1-1: DOUBLE (Flyball, 89D, EV 92.5 MPH)
Joey Pacheco scores
Batting: RHB Alex Diaz 0-0: Called Strike
0-1: Foul Ball, location: 2F
0-2: Foul Ball, location: 2F
0-2: Ball
1-2: Ball
2-2: Ball
3-2: Ground out 5-3 (Groundball, 56, EV 86.9 MPH)
Batting: LHB Davion Lewis 0-0: Ground out 1-3 (Groundball, 15S, EV 72.5 MPH)
Bottom of the 1st over - 1 run, 2 hits, 0 errors, 1 left on base; Rochester 0 - Durham 1
TOP OF THE 2ND
Rochester Red Wings batting - Pitching for Durham Bulls : RHP Julian Black
Batting: RHB Juan Espinoza 0-0: Ball
1-0: Ball
2-0: Fly out, F9 (Flyball, 9LM, EV 88.8 MPH)
Batting: RHB Manuel Juarez 0-0: Fly out, F4 (Line Drive, 4, EV 63.8 MPH)
Batting: RHB Ryan Gautney 0-0: Ball
1-0: Called Strike
1-1: Ground out 4-3 (Groundball, 4M, EV 86.9 MPH)
Top of the 2nd over - 0 runs, 0 hits, 0 errors, 0 left on base; Rochester 0 - Durham 1
BOTTOM OF THE 2ND
Durham Bulls batting - Pitching for Rochester Red Wings : RHP Brian Bright
Batting: RHB Jose Arriola 0-0: Ball
1-0: Ball
2-0: Called Strike
2-1: Ball
3-1: DOUBLE (Line Drive, 78XD, EV 105.6 MPH)
Batting: RHB Sesto Carpini 0-0: Called Strike
0-1: Called Strike
Jose Arriola is caught stealing 3rd base 2-5
0-2: Ball
1-2: Ball
2-2: Ball
3-2: Foul Ball, location: 2F
3-2: DOUBLE (Groundball, 3L, EV 109.4 MPH)
Batting: RHB Paul Landes 0-0: Foul Ball, location: 2F
0-1: Ball
1-1: SINGLE (Groundball, 56D, EV 97.5 MPH)
Sesto Carpini to third
Batting: RHB Antonio Pacheco 0-0: Ball
1-0: Fly out, F7 (Flyball, 7LS, EV 92.5 MPH)
Batting: RHB Jonathan Fraire 0-0: Fly out, F7 (Flyball, 78S, EV 81.2 MPH)
Bottom of the 2nd over - 0 runs, 3 hits, 0 errors, 2 left on base; Rochester 0 - Durham 1
TOP OF THE 3RD
Rochester Red Wings batting - Pitching for Durham Bulls : RHP Julian Black
Batting: RHB Dan Grable 0-0: Called Strike
0-1: Swinging Strike
0-2: Ball
1-2: Ball
2-2: Ball
3-2: Strikes out looking
Batting: RHB Ratko Macura 0-0: Fly out, F4 (Popup, 4S, EV 76.9 MPH)
Batting: RHB Cyril Husson 0-0: Ball
1-0: Foul Ball, location: 2F
1-1: Ground out 6-3 (Groundball, 6, EV 83.1 MPH)
Top of the 3rd over - 0 runs, 0 hits, 0 errors, 0 left on base; Rochester 0 - Durham 1
BOTTOM OF THE 3RD
Durham Bulls batting - Pitching for Rochester Red Wings : RHP Brian Bright
Batting: SHB Joey Pacheco 0-0: Called Strike
0-1: Foul Ball, location: 2F
0-2: Ball
1-2: Ball
2-2: Strikes out swinging
Batting: RHB David Ward 0-0: Foul Ball, location: 2F
0-1: Foul Ball, location: 2F
0-2: SINGLE (Groundball, 34D, EV 108.8 MPH)
Batting: RHB Alex Diaz 0-0: Ball
1-0: Foul Ball, location: 2F
1-1: Foul Ball, location: 2F
1-2: Strikes out swinging
Batting: LHB Davion Lewis 0-0: Swinging Strike
0-1: Ball
1-1: Foul Ball, location: 2F
1-2: SINGLE (Groundball, 34D, EV 105.6 MPH)
David Ward to second
Runner from 2nd tries for 3rd, SAFE, no throw by RF
Batting: RHB Jose Arriola 0-0: Foul Ball, location: 2F
0-1: Ball
1-1: Ground out 4-3 (Groundball, 4M, EV 107.5 MPH)
Bottom of the 3rd over - 0 runs, 2 hits, 0 errors, 2 left on base; Rochester 0 - Durham 1
TOP OF THE 4TH
Rochester Red Wings batting - Pitching for Durham Bulls : RHP Julian Black
Batting: SHB Manny Molina 0-0: Ball
1-0: Foul Ball, location: 2F
1-1: Bunt missed!
1-2: Strikes out swinging
Batting: LHB Chris Munguia 0-0: Ball
1-0: Fly out, F8 (Flyball, 8RM, EV 80.6 MPH)
Batting: LHB Jayden Thomas 0-0: SINGLE (Groundball, 6MD, EV 105.6 MPH)
Batting: RHB Juan Espinoza 0-0: Ball
Jayden Thomas steals 2nd base
1-0: Called Strike
1-1: Called Strike
1-2: Strikes out swinging
Top of the 4th over - 0 runs, 1 hit, 0 errors, 1 left on base; Rochester 0 - Durham 1
BOTTOM OF THE 4TH
Durham Bulls batting - Pitching for Rochester Red Wings : RHP Brian Bright
Batting: RHB Sesto Carpini 0-0: Foul Ball, location: 2F
0-1: Swinging Strike
0-2: Fly out, F9 (Flyball, 9, EV 91.9 MPH)
Batting: RHB Paul Landes 0-0: Ball
1-0: Called Strike
1-1: Foul Ball, location: 2F
1-2: Ball
2-2: Foul Ball, location: 2F
2-2: Foul Ball, location: 2F
2-2: SINGLE (Groundball, 3D, EV 99.4 MPH)
Batting: RHB Antonio Pacheco 0-0: Called Strike
0-1: Ball
1-1: Ball
2-1: Swinging Strike
2-2: Strikes out looking
Batting: RHB Jonathan Fraire 0-0: Called Strike
0-1: Foul Ball, location: 2F
0-2: SINGLE (Line Drive, 6MD, EV 101.2 MPH)
Paul Landes to second
Batting: SHB Joey Pacheco 0-0: Ball
1-0: Called Strike
1-1: Foul Ball, location: 2F
1-2: Foul Ball, location: 2F
1-2: Ball
2-2: Ball
3-2: Foul Ball, location: 2F
3-2: SINGLE (Line Drive, 7S, EV 91.2 MPH)
Paul Landes to third
Jonathan Fraire to second
Paul Landes scores
Jonathan Fraire to third
Batting: RHB David Ward 0-0: SINGLE (Groundball, 56D, EV 103.8 MPH)
Jonathan Fraire scores
Joey Pacheco to second
Runner from 2nd tries for 3rd, SAFE, throw by LF made to third
Batting: RHB Alex Diaz 0-0: Swinging Strike
0-1: Foul Ball, location: 2F
0-2: Ball
1-2: Foul Ball, location: 2F
1-2: Fielders Choice at 2nd, 5-4 (Groundball, 56, EV 89.4 MPH)
Bottom of the 4th over - 2 runs, 4 hits, 0 errors, 2 left on base; Rochester 0 - Durham 3
TOP OF THE 5TH
Rochester Red Wings batting - Pitching for Durham Bulls : RHP Julian Black
Batting: RHB Manuel Juarez 0-0: Swinging Strike
0-1: Ball
1-1: Foul Ball, location: 2F
1-2: Strikes out looking
Batting: RHB Ryan Gautney 0-0: Called Strike
0-1: Ball
1-1: Ground out 5-3 (Groundball, 5, EV 103.1 MPH)
Batting: RHB Dan Grable 0-0: Ball
1-0: Ball
2-0: Ball
3-0: Base on Balls
Batting: RHB Ratko Macura 0-0: Swinging Strike
0-1: Foul Ball, location: 2F
0-2: Ball
1-2: Strikes out swinging
Top of the 5th over - 0 runs, 0 hits, 0 errors, 1 left on base; Rochester 0 - Durham 3
BOTTOM OF THE 5TH
Durham Bulls batting - Pitching for Rochester Red Wings : RHP Brian Bright
Batting: LHB Davion Lewis 0-0: Foul Ball, location: 2F
0-1: Ground out 6-3 (Groundball, 6, EV 92.5 MPH)
Batting: RHB Jose Arriola 0-0: Ball
1-0: Ball
2-0: Foul Ball, location: 2F
2-1: Foul Ball, location: 2F
2-2: Strikes out swinging
Batting: RHB Sesto Carpini 0-0: Called Strike
0-1: Called Strike
0-2: Ball
1-2: Ball
2-2: DOUBLE (Flyball, 89D, EV 102.5 MPH)
Batting: RHB Paul Landes 0-0: Ground out 1-3 (Groundball, 15, EV 70.0 MPH)
Bottom of the 5th over - 0 runs, 1 hit, 0 errors, 1 left on base; Rochester 0 - Durham 3
TOP OF THE 6TH
Rochester Red Wings batting - Pitching for Durham Bulls : RHP Julian Black
Batting: RHB Cyril Husson 0-0: Ball
1-0: Called Strike
1-1: Called Strike
1-2: Strikes out swinging
Batting: SHB Manny Molina 0-0: Called Strike
0-1: Ball
1-1: Called Strike
1-2: Ball
2-2: Strikes out swinging
Batting: LHB Chris Munguia 0-0: Called Strike
0-1: Ball
1-1: Ball
2-1: DOUBLE (Flyball, 89D, EV 98.1 MPH)
Batting: LHB Jayden Thomas 0-0: Foul Ball, location: 2F
0-1: Swinging Strike
0-2: Strikes out swinging
Top of the 6th over - 0 runs, 1 hit, 0 errors, 1 left on base; Rochester 0 - Durham 3
BOTTOM OF THE 6TH
Durham Bulls batting - Pitching for Rochester Red Wings : RHP Brian Bright
Pitching: RHP Matthew Lange
Batting: RHB Antonio Pacheco 0-0: Swinging Strike
0-1: Foul Ball, location: 2F
0-2: Strikes out looking
Batting: RHB Jonathan Fraire 0-0: Ball
1-0: Swinging Strike
1-1: DOUBLE (Flyball, 8LXD, EV 93.1 MPH)
Batting: SHB Joey Pacheco 0-0: Called Strike
0-1: Foul Ball, location: 2F
0-2: Ball
1-2: Foul Ball, location: 2F
1-2: Strikes out swinging
Batting: RHB David Ward 0-0: Called Strike
Jonathan Fraire steals 3rd base
0-1: Ball
1-1: Foul Ball, location: 2F
1-2: SINGLE (Line Drive, 8LS, EV 105.0 MPH)
Jonathan Fraire scores
Batting: RHB Alex Diaz 0-0: Called Strike
0-1: Ball
1-1: Foul Ball, location: 2F
1-2: Foul Ball, location: 2F
1-2: Foul Ball, location: 2F
1-2: Strikes out swinging
Bottom of the 6th over - 1 run, 2 hits, 0 errors, 1 left on base; Rochester 0 - Durham 4
TOP OF THE 7TH
Rochester Red Wings batting - Pitching for Durham Bulls : RHP Julian Black
Batting: RHB Juan Espinoza 0-0: Ground out 6-3 (Groundball, 6M, EV 101.9 MPH)
Batting: RHB Manuel Juarez 0-0: Foul Ball, location: 2F
0-1: Swinging Strike
0-2: Ball
1-2: Ball
2-2: Foul Ball, location: 2F
2-2: Ball
3-2: Strikes out swinging
Batting: RHB Ryan Gautney 0-0: Called Strike
0-1: Ball
1-1: Ball
2-1: Foul Ball, location: 2F
2-2: Fly out, F3 (Popup, 3S, EV 72.5 MPH)
Top of the 7th over - 0 runs, 0 hits, 0 errors, 0 left on base; Rochester 0 - Durham 4
BOTTOM OF THE 7TH
Durham Bulls batting - Pitching for Rochester Red Wings : RHP Matthew Lange
Pitching: RHP Alex Rushton
Batting: LHB Davion Lewis 0-0: Called Strike
0-1: Ground out 6-3 (Groundball, 6M, EV 90.6 MPH)
Batting: RHB Jose Arriola 0-0: Fly out, F7 (Flyball, 7, EV 80.6 MPH)
Batting: RHB Sesto Carpini 0-0: Ball
1-0: Called Strike
1-1: Ball
2-1: Called Strike
2-2: Strikes out looking
Bottom of the 7th over - 0 runs, 0 hits, 0 errors, 0 left on base; Rochester 0 - Durham 4
TOP OF THE 8TH
Rochester Red Wings batting - Pitching for Durham Bulls : RHP Julian Black
Batting: RHB Dan Grable 0-0: Ball
1-0: Ball
2-0: DOUBLE (Groundball, 5L, EV 94.4 MPH)
Batting: RHB Ratko Macura 0-0: Called Strike
0-1: Ball
1-1: Ball
2-1: Swinging Strike
2-2: Strikes out swinging
Batting: RHB Cyril Husson 0-0: Fly out, F9 (Line Drive, 89M, EV 103.1 MPH)
Runner from 2nd tags up, SAFE at 3rd with throw by RF
Batting: SHB Manny Molina 0-0: Ball
1-0: Ball
2-0: DOUBLE (Line Drive, 8RD, EV 104.4 MPH)
Dan Grable scores
Batting: LHB Chris Munguia 0-0: Ball
1-0: Fly out, F8 (Flyball, 78M, EV 86.9 MPH)
Top of the 8th over - 1 run, 2 hits, 0 errors, 1 left on base; Rochester 1 - Durham 4
BOTTOM OF THE 8TH
Durham Bulls batting - Pitching for Rochester Red Wings : RHP Alex Rushton
Batting: RHB Paul Landes 0-0: Ball
1-0: Called Strike
1-1: Ground out 3-1 (Groundball, 34, EV 79.4 MPH)
Batting: RHB Antonio Pacheco 0-0: Foul Ball, location: 2F
0-1: Foul Ball, location: 2F
0-2: Ball
1-2: Ball
2-2: Foul Ball, location: 2F
2-2: Fly out, F7 (Line Drive, 7, EV 91.2 MPH)
Batting: RHB Jonathan Fraire 0-0: Ball
1-0: Called Strike
1-1: Swinging Strike
1-2: Fly out, F7 (Flyball, 78M, EV 74.4 MPH)
Bottom of the 8th over - 0 runs, 0 hits, 0 errors, 0 left on base; Rochester 1 - Durham 4
TOP OF THE 9TH
Rochester Red Wings batting - Pitching for Durham Bulls : RHP Julian Black
Pitching: RHP Cody Wilharm
Batting: LHB Jayden Thomas 0-0: Called Strike
0-1: Foul Ball, location: 2F
0-2: Ball
1-2: Ball
2-2: Foul Ball, location: 2F
2-2: Strikes out swinging
Batting: RHB Juan Espinoza 0-0: SINGLE (Groundball, 56D, EV 101.9 MPH)
Batting: RHB Manuel Juarez 0-0: Ball
1-0: Called Strike
1-1: SINGLE (Line Drive, 34D, EV 97.5 MPH)
Juan Espinoza to second
Batting: RHB Ryan Gautney 0-0: SINGLE (Groundball, 6MD, EV 95.6 MPH)
Juan Espinoza to third
Manuel Juarez to second
Batting: RHB Dan Grable 0-0: Called Strike
0-1: Ball
1-1: Ball
2-1: Called Strike
2-2: Foul Ball, location: 2F
2-2: Strikes out looking
Batting: RHB Ratko Macura 0-0: Ball
1-0: Called Strike
1-1: Foul Ball, location: 2F
1-2: Foul Ball, location: 2F
1-2: Strikes out swinging
Top of the 9th over - 0 runs, 3 hits, 0 errors, 3 left on base; Rochester 1 - Durham 4
Tuesday, March 28th , 2023 - OOTP Baseball 23.10 Build 110